 Dungeon Crawl Stone Soup version 0.20-a0-1065-g8446734 (webtiles) character file.

92475 Ijustatesigmund the Warrior (level 16, 0/145 HPs)
             Began as a Barachi Fighter on Apr 28, 2017.
             Was a High Priest of Cheibriados.
             Slain by a very large slime creature (30 damage)
             ... on level 14 of the Dungeon.
             The game lasted 01:18:38 (22283 turns).

Ijustatesigmund the Warrior (Barachi Fighter)      Turns: 22283, Time: 01:18:39

Health: 0/145      AC: 16    Str: 30    XL:     16   Next: 6%
Magic:  16/25      EV: 16    Int: 26    God:    Cheibriados [*****.]
Gold:   1926       SH: 13    Dex: 22    Spells: 27/27 levels left

rFire    + + .     SeeInvis +   G - +3 scimitar (flame)
rCold    x . .     Gourm    .   c - +0 shield
rNeg     + . .     Faith    +   M - +0 fire dragon scales
rPois    .         Spirit   .   U - +1 helmet
rElec    .         Reflect  .   (no cloak)
rCorr    .         Harm     .   i - +0 pair of gloves
MR       +....                  k - +1 pair of boots
Stlth    ..........             N - amulet of faith
Regen    0.4/turn               X - ring of positive energy
MPRegen  0.2/turn               B - ring of see invisible

@: can't hop, very slow
A: +LOS, swims, slowness 1, strong legs 2
a: Hop, Bend Time, Temporal Distortion, Slouch, Step From Time, Renounce
Religion


You were on level 14 of the Dungeon.
You worshipped Cheibriados.
Cheibriados was extremely pleased with you.
You were not hungry.

You visited 3 branches of the dungeon, and saw 21 of its levels.
You also visited: Ossuary and Volcano.

You collected 1926 gold pieces.

Inventory:

Hand Weapons
 G - a +3 scimitar of flaming (weapon)
Missiles
 n - 14 javelins (quivered)
 v - 6 poisoned tomahawks
Armour
 c - a +0 shield (worn)
 i - a +0 pair of gloves (worn)
 k - a +1 pair of boots (worn)
 L - a +2 troll leather armour
 M - +0 fire dragon scales (worn)
 U - a +1 helmet (worn)
Jewellery
 o - an uncursed ring of protection from cold
 w - an uncursed amulet of the gourmand {unknown}
 B - a ring of see invisible (right hand)
 C - an uncursed ring of protection from cold
 N - an amulet of faith (around neck)
 V - an uncursed ring of wizardry
 X - a ring of positive energy (left hand)
Wands
 a - a wand of iceblast (0/15)
 d - a wand of iceblast (8/15)
 h - a wand of scattershot (0/9)
 H - a wand of polymorph (14/24)
 K - a wand of lightning (4/15)
 O - a wand of disintegration (8/24)
 S - a wand of digging (6/24)
 T - a wand of acid (8/15)
 W - a wand of acid (3/15)
Scrolls
 q - a scroll of identify
 r - 5 scrolls of immolation
 t - 7 scrolls of remove curse
 D - 2 scrolls of teleportation
 F - a scroll of recharging
 J - 3 scrolls of amnesia
 Q - 3 scrolls of fear
Potions
 b - 5 potions of resistance
 e - 3 potions of brilliance
 g - 3 potions of lignification
 j - 3 potions of cancellation
 m - 2 potions of magic
 p - a potion of invisibility
 s - 6 potions of curing
 u - 2 potions of mutation {unknown}
 x - 3 potions of flight
 z - a potion of ambrosia
 P - a potion of experience {unknown}
 Y - a potion of agility
Comestibles
 f - 11 bread rations
 l - 12 meat rations
 E - 24 fruits


   Skills:
 + Level 18.4 Fighting
 - Level 15.4 Long Blades
 - Level 3.5 Throwing
 - Level 8.0 Armour
 - Level 8.9 Dodging
 - Level 7.1 Shields
 - Level 6.1 Spellcasting
 - Level 12.3 Invocations


You had 27 spell levels left.
You didn't know any spells.

Dungeon Overview and Level Annotations

Branches:
Dungeon (14/15)            Temple (1/1) D:4            Lair (6/6) D:11
 Shoals (0/4) Lair:4        Snake (0/4) Lair:2        Slime (0/5) Lair:5
    Orc (0/2) D:10
 Vaults: D:13-14

Altars:
Cheibriados
Elyvilon
Fedhas
Gozag
Hepliaklqana
Kikubaaqudgha
Nemelex Xobeh
Qazlal
Trog
Wu Jian
The Shining One
Beogh
Jiyva

Shops:
D:4 [   D:9 %


Innate Abilities, Weirdness & Mutations

Shadows flee at your approach. (+LOS)
You can swim through water.
You cover ground slowly.
You can hop longer distances.


Message History

Boing!
Evoke which item? (* to show all) (? for menu, Esc to quit)
Aiming: Disintegrate (will waste charges)
Press: ? - help, Shift-Dir - straight line, f - very large slime creature
Aim: a very large slime creature (sparse dust, severely wounded, chance to defeat MR: 48%)
The very large slime creature resists with some effort.
Evoking this partially-identified wand wasted a few charges.
Evoke which item? (* to show all) (? for menu, Esc to quit)
Aiming: Disintegrate (will waste charges)
Press: ? - help, Shift-Dir - straight line, f/p - very large slime creature
Aim: a very large slime creature (severely wounded, chance to defeat MR: 48%)
The very large slime creature resists with some effort.
Evoking this partially-identified wand wasted a few charges.
You can feel time thicken for a moment.
You feel somewhat more hungry.
Cheibriados lowers the support of your attributes as your movement quickens.
You slash the very large slime creature!
You burn the very large slime creature.
The very large slime creature is almost dead.
The very large slime creature hits you!!
You die...

# . ######## ## #
........#!# # #.# #
#.# # #.# # #J#
####### ###@#
.......# #...#
.#####.### #.###
.........#####.###
.#####...........#
## #.....###.#.#
######.....###.#.##
..................#
.#####.....###.#..#


You could see a very large slime creature.

Vanquished Creatures
  Kirke (D:14)
  Louise (D:14)
  Azrael (D:14)
  A dire elephant (Lair:6)
  Snorg (D:14)
  7 hydras
  3 centaur warriors
  An anaconda (Lair:6)
  A death knight (D:13)
  Erica (D:8)
  5 two-headed ogres
  The ghost of nht the Cleaver, a journeyman FoHu of Okawaru (D:10)
  10 death yaks
  Urug (Lair:2)
  A fire crab (Volcano)
  3 skeletal warriors (D:12)
  3 unseen horrors (D:14)
  A deep elf archer (D:14)
  Pikel (D:5)
  3 wizards
  A lindwurm (Volcano)
  4 deep elf magi
  7 ugly things
  3 manticores
  2 oklob plants (Lair:5)
  A cyclops (D:11)
  A merfolk siren (Lair:4)
  10 elephants
  6 black mambas
  10 spiny frogs
  2 gargoyles (D:13)
  8 rime drakes
  5 komodo dragons
  5 meliai
  A queen bee (D:8)
  A polar bear (Lair:4)
  7 trolls
  A hornet (D:12)
  The ghost of Monsterracer the Chopper, an amateur MiFi of Hepliaklqana (D:4)
  12 blink frogs
  15 hippogriffs
  38 yaks
  3 wraiths (D:12)
  A vampire (D:13)
  9 spriggans (Lair:4)
  12 wyverns
  4 fire elementals (D:14)
  Grum (D:8)
  3 basilisks (D:14)
  15 fire bats (Volcano)
  A steam dragon (Lair:4)
  5 hungry ghosts
  2 vampire mosquitoes (D:12)
  Edmund (D:6)
  6 nagas (Lair:2)
  10 hell hounds
  8 water moccasins
  7 porcupines
  11 orc warriors
  3 ice beasts
  2 sky beasts
  A necrophage (D:8)
  5 black bears
  2 hornet zombies
  7 phantoms
  An eye of draining (D:13)
  9 ogres
  3 boggarts (D:14)
  7 wolves
  13 crocodiles
  13 centaurs
  2 big kobolds
  13 bullfrogs
  An elf zombie (Ossuary)
  A wyvern zombie (D:14)
  A water moccasin zombie (D:7)
  5 scorpions
  A water moccasin skeleton (D:8)
  88 killer bees
  14 wights
  3 electric eels
  7 howler monkeys
  A bullfrog zombie (D:12)
  3 jellies
  3 crimson imps
  7 lava snakes (Volcano)
  5 centaur zombies
  10 hounds
  A quasit (D:7)
  12 orc priests
  2 bullfrog skeletons
  6 centaur skeletons
  Jessica (D:2)
  18 orc wizards
  4 iguanas
  17 worker ants
  3 big kobold zombies (Ossuary)
  A killer bee zombie (D:5)
  6 ogre zombies (D:10)
  A hound skeleton (D:4)
  2 mummies (Ossuary)
  2 worker ant zombies
  7 gnolls
  8 adders
  4 shadow imps
  An adder skeleton (D:7)
  An adder zombie (D:6)
  A worm (D:2)
  3 dart slugs (D:1)
  5 leopard geckos
  73 orcs
  4 giant cockroaches
  22 goblins
  8 hobgoblins
  7 jackals
  17 kobolds
  7 quokkas
  2 ball pythons
  7 bats
  4 frilled lizards
  6 goblin zombies
  3 hobgoblin skeletons (D:10)
  12 hobgoblin zombies
  8 kobold zombies (Ossuary)
  An orc skeleton (D:10)
  21 orc zombies
  A quokka skeleton (D:5)
  A quokka zombie (D:8)
  12 rats
  3 plants
843 creatures vanquished.

Vanquished Creatures (others)
  A komodo dragon (D:14)
  2 hogs (D:14)
  A gnoll (D:6)
  A shadow imp (D:6)
  4 jackals (D:6)
  5 fungi
  10 plants (Lair:6)
24 creatures vanquished.

Grand Total: 867 creatures vanquished

Notes
Turn   | Place    | Note
-------+----------+-------------------------------------------
     0 | D:1      | Ijustatesigmund the Barachi Fighter began the quest for the Orb.
     0 | D:1      | Reached XP level 1. HP: 18/18 MP: 1/1
   112 | D:1      | Reached XP level 2. HP: 22/25 MP: 2/2
   184 | D:1      | Reached skill level 4 in Fighting
   253 | D:1      | Reached skill level 1 in Dodging
   253 | D:1      | Reached XP level 3. HP: 15/30 MP: 3/3
   708 | D:2      | Found a faded altar of an unknown god.
   946 | D:2      | Reached XP level 4. HP: 38/38 MP: 4/4
  1103 | D:2      | Noticed Jessica
  1105 | D:2      | Killed Jessica
  1250 | D:2      | Found an ornate altar of the Wu Jian Council.
  2222 | D:4      | Found Seseec's Antique Armour Shop.
  2279 | D:4      | Reached XP level 5. HP: 39/43 MP: 5/5
  2383 | D:4      | Found a staircase to the Ecumenical Temple.
  2385 | D:4      | Reached skill level 5 in Long Blades
  2388 | D:4      | Reached skill level 5 in Fighting
  2403 | D:4      | Reached XP level 6. HP: 27/51 MP: 6/6
  2601 | Temple   | Entered the Ecumenical Temple
  2607 | Temple   | Became a worshipper of Cheibriados the Contemplative
  2901 | D:4      | Reached XP level 7. HP: 52/57 MP: 7/7
  2906 | D:4      | Found an opulent altar of Gozag.
  2911 | D:4      | Reached skill level 6 in Fighting
  3248 | D:4      | Noticed Monsterracer's ghost (amateur MiFi)
  3269 | D:5      | Entered Level 5 of the Dungeon
  3649 | D:5      | Reached * piety under Cheibriados
  3698 | D:5      | Reached skill level 7 in Fighting
  4004 | D:6      | Found a sand-covered staircase.
  4004 | D:6      | Noticed Pikel
  4009 | Ossuary  | Entered an ossuary
  4075 | Ossuary  | Reached XP level 8. HP: 67/67 MP: 8/8
  4137 | Ossuary  | Reached ** piety under Cheibriados
  4206 | Ossuary  | Reached skill level 1 in Invocations
  4353 | D:5      | Killed Pikel
  4353 | D:5      | Reached skill level 5 in Armour
  4514 | D:6      | Reached skill level 5 in Shields
  4514 | D:6      | Reached XP level 9. HP: 72/72 MP: 7/11
  4732 | D:6      | Reached *** piety under Cheibriados
  4935 | D:6      | Noticed Edmund
  4969 | D:6      | Killed Edmund
  4975 | D:6      | Reached skill level 5 in Dodging
  5404 | D:7      | Reached **** piety under Cheibriados
  6113 | D:8      | Noticed Grum
  6129 | D:8      | Killed Grum
  6133 | D:8      | Reached XP level 10. HP: 33/79 MP: 13/13
  6401 | D:8      | Reached skill level 5 in Invocations
  6405 | D:8      | Reached ***** piety under Cheibriados
  6405 | D:8      | Reached skill level 8 in Fighting
  7546 | D:8      | Noticed Erica
  7560 | D:8      | Killed Erica
  7560 | D:8      | Reached skill level 9 in Fighting
  7560 | D:8      | Reached skill level 10 in Long Blades
  7741 | D:8      | Reached skill level 1 in Throwing
  7908 | D:8      | Reached XP level 11. HP: 90/90 MP: 14/16
  8309 | D:9      | Reached ****** piety under Cheibriados
  8452 | D:9      | Found Lymiarph's Food Shop.
  8548 | D:9      | Reached skill level 10 in Fighting
  8893 | D:10     | Entered Level 10 of the Dungeon
  8943 | D:10     | Found a staircase to the Orcish Mines.
  9202 | D:10     | Noticed a wizard
  9211 | D:10     | Killed a wizard
  9234 | D:10     | Noticed a wizard
  9241 | D:10     | Killed a wizard
  9264 | D:10     | Noticed a deep elf mage
  9304 | D:10     | Noticed nht's ghost (journeyman FoHu)
  9308 | D:10     | Killed a deep elf mage
  9513 | D:4      | Killed Monsterracer's ghost
  9773 | D:4      | Found a sparkling altar of Nemelex Xobeh.
 10328 | D:10     | Killed nht's ghost
 10328 | D:10     | Reached skill level 11 in Fighting
 10370 | D:10     | Identified Ts'ui PĂȘn's Grimoire of Forking Paths
 10378 | D:10     | Identified the Tome of Sand
 10403 | D:10     | Identified the Incunabulum of Combed Thunderclap
 10661 | D:11     | Noticed an eight-headed hydra
 10666 | D:11     | Killed a seven-headed hydra
 10783 | D:11     | Found a roughly hewn altar of Beogh.
 10800 | D:11     | Reached XP level 12. HP: 71/100 MP: 13/18
 10991 | D:11     | Noticed a two-headed ogre
 10997 | D:11     | Killed a two-headed ogre
 11256 | D:11     | Reached skill level 12 in Fighting
 11354 | D:11     | Found a staircase to the Lair.
 11950 | D:12     | Noticed a six-headed hydra
 11957 | D:12     | Killed a six-headed hydra
 12353 | D:12     | Got a sapphire rapier
 12354 | D:12     | Identified the +6 rapier of Superiority {flame, rC+ rN+ Str+3 Dex-5} (You found it on level 12 of the Dungeon)
 12607 | D:12     | Reached skill level 13 in Fighting
 12713 | D:12     | Gained mutation: You can hop longer distances. [Barachi growth]
 12713 | D:12     | Reached XP level 13. HP: 50/111 MP: 20/20
 13357 | D:12     | Reached skill level 10 in Invocations
 13653 | Lair:1   | Entered Level 1 of the Lair of Beasts
 14516 | Lair:2   | Reached skill level 14 in Fighting
 14525 | Lair:2   | Found a staircase to the Snake Pit.
 14526 | Lair:2   | Noticed Urug
 14540 | Lair:2   | Killed Urug
 14748 | Lair:2   | Got a garnet-encrusted leather armour
 14759 | Lair:2   | Identified the cursed +0 leather armour of Bad Feelings {rElec Int-5 Dex+3} (You found it on level 2 of the Lair of Beasts)
 15908 | Lair:4   | Reached skill level 15 in Long Blades
 15910 | Lair:4   | Reached XP level 14. HP: 114/121 MP: 22/22
 16056 | Lair:4   | Reached skill level 15 in Fighting
 16292 | Lair:4   | Reached skill level 1 in Spellcasting
 16362 | Lair:4   | Found a staircase to the Shoals.
 16424 | Lair:4   | Identified Rihiof Ifi's Catalogue of Ashen Feathers
 17105 | Lair:5   | Found a staircase to the Slime Pits.
 17105 | Lair:5   | Found a viscous altar of Jiyva.
 17847 | Lair:6   | Entered Level 6 of the Lair of Beasts
 17915 | Lair:6   | Found a dark tunnel.
 17929 | Volcano  | Entered a volcano
 18189 | Volcano  | Found a radiant altar of Vehumet.
 18286 | Volcano  | Found a bloodstained altar of Trog.
 18743 | Lair:6   | Reached skill level 5 in Spellcasting
 18756 | Lair:6   | Reached XP level 15. HP: 59/129 MP: 15/24
 20660 | D:14     | Reached skill level 16 in Fighting
 20810 | D:14     | Noticed Louise
 20853 | D:14     | Noticed Snorg
 20862 | D:14     | Killed Snorg
 21052 | D:13     | Reached skill level 17 in Fighting
 21229 | D:14     | Killed Louise
 21254 | D:14     | Noticed Azrael
 21436 | D:14     | Killed Azrael
 22120 | D:14     | Reached skill level 18 in Fighting
 22171 | D:14     | Reached XP level 16. HP: 123/143 MP: 25/25
 22209 | D:14     | Noticed Kirke
 22220 | D:14     | Killed Kirke
 22283 | D:14     | Slain by a very large slime creature

Vault maps used:
D:1:      elethiomel_arrival_diamonds
D:2:      lemuel_doored_altar, chequers_ecumenical_altar_twisty, uniq_jessica
D:3:      nicolae_overflow_hidden_temple, grunt_decor_arrowhead
D:4:      nemelex_xobeh_ov_fountains_minmay, grunt_gozag_breadcrumbs,
          minmay_temple_entry_large_hall, serial_shops, shop
D:5:      first_bread
D:6:      corexii_shantytown, lightli_ossuary_entry_decrepit_ruins, uniq_pikel,
          uniq_edmund
D:8:      david_nohive_1, uniq_grum, uniq_erica
D:9:      serial_shops, nicolae_shop_waterfront
D:10:     zombieorc1_lemuel, bh_hangedman_babel_library
D:11:     minmay_lair_entry_lava, kennysheep_generic_room_16
D:12:     statuecave_lemuel, serial_co_window_serial, co_window_corner_a,
          co_window_corner_a, co_window_paths_a, co_window_paths_b,
          co_window_cross_1, co_window_broadway_a, co_window_2corner,
          co_window_unsneaky_path_e, co_window_corner_b, glass_columns_a,
          glass_columns_b, glass_columns_b, glass_columns_a, glass_columns_a
D:14:     david_vaults_1, solitary_fountain, special_room, uniq_azrael,
          uniq_kirke, uniq_louise, uniq_snorg
Temple:   eino_narrow_crystal_temple
Lair:1:   grunt_megastairs_4
Lair:2:   minmay_snake_entry_guardpost_medium, uniq_urug
Lair:3:   serial_bayou_shore_b, infiniplex_staircase_pool, grunt_megastairs_1
Lair:4:   wad_woods_minihive, minmay_shoals_entry_lonely_mermaid, st_stairs_3,
          gammafunk_lair_bear_cave
Lair:5:   slime_altar_1, minmay_lair_oklob_chamber, lemuel_fruit_fields
Lair:6:   due_jungle_book, enter_volcano_3
Ossuary:  ossuary_tomb_1
Volcano:  volcano_grotto

Skill      XL: |  1  2  3  4  5  6  7  8  9 10 11 12 13 14 15 |
---------------+----------------------------------------------+-----
Long Blades    | 3 4 5 6 8 10 11 13 15 | 15.4
Fighting       | 4 5 7 9 11 13 14 15 18 | 18.4
Dodging        | 1 2 4 6 8 |  8.9
Armour         | 5 7 8 |  8.0
Invocations    | 2 4 6 8 9 11 12 | 12.3
Shields        | 5 6 7 |  7.1
Throwing       | 1 3 |  3.5
Spellcasting   | 5 6 |  6.1

Action                   |  1- 3 |  4- 6 |  7- 9 | 10-12 | 13-15 | 16-18 || total
-------------------------+-------+-------+-------+-------+-------+-------++-------
Melee: Long sword        |   120 |   134 |   512 |   154 |       |       ||   920
       Scimitar          |       |       |       |   597 |  1067 |    30 ||  1694
Throw: Javelin           |       |     7 |    10 |    19 |    58 |       ||    94
Invok: Bend Time         |       |       |     1 |       |     1 |       ||     2
       Slouch            |       |       |       |     5 |    22 |     2 ||    29
       Step From Time    |       |       |       |       |     1 |       ||     1
 Abil: Hop               |       |     1 |     3 |     4 |     6 |     1 ||    15
Evoke: Wand              |       |       |       |     7 |     8 |     4 ||    19
  Use: Scroll            |     1 |     4 |    14 |     7 |    20 |       ||    46
       Potion            |       |     2 |     3 |     2 |     7 |       ||    14
 Stab: Sleeping          |       |       |       |     4 |     5 |       ||     9
       Distracted        |       |       |       |       |     1 |       ||     1
       Invisible         |       |       |       |       |     6 |       ||     6
  Eat: Chunk             |     1 |     6 |     4 |     6 |    11 |       ||    28
       Bread ration      |       |       |     2 |     1 |       |       ||     3
       Royal jelly       |       |       |       |     5 |     6 |       ||    11
       Fruit             |       |       |       |     3 |     4 |       ||     7
Armor: Scale mail        |    49 |    61 |    24 |       |       |       ||   134
       Chain mail        |       |       |   216 |    78 |       |       ||   294
       Troll leather arm |       |       |       |    66 |   192 |       ||   258
       Fire dragon scale |       |       |       |       |    41 |     1 ||    42
Dodge: Dodged            |    53 |    44 |   200 |   369 |   578 |     7 ||  1251
Block: Shield            |    70 |    81 |   313 |   514 |   659 |     7 ||  1644
       Rpst.: Long sword |    11 |    10 |    61 |    29 |       |       ||   111
       Scimitar          |       |       |       |    99 |   152 |     1 ||   252
